Map: Altitude LE

Players

A.I. 1 (Elite)

  • Race: Protoss Protoss
  • Spawn Location: 7:00

Drift - Winner!

  • Race: Terran Terran
  • League: Diamond
  • Spawn Location: 1:00

VOD

Have the link to the VOD?

Description

Time

  • Played on: Feb. 19, 2023, 6:13 p.m.
  • Length: 9:51
Show
View Real Time Build Order
Export as new Build Order

A.I. 1 (Elite) Protoss 

Build Orders:  

Get SALT Encoding   

  12  0:00  Probe  
  13  0:13  Probe  
  14  0:20  Pylon  
  14  0:25  Probe  
  15  0:34  Probe  
  16  0:43  Probe  
  16  0:47  Assimilator  
  17  0:51  Gateway  
  17  0:52  Probe  
  18  1:00  Probe, Pylon  
  18  1:08  Probe  
  20  1:19  Probe  
  21  1:31  Probe  
  22  1:40  Zealot  
  22  1:43  Probe, Cybernetics Core  
  25  1:55  Probe  
  26  2:03  Probe  
  26  2:04  Pylon  
  27  2:11  Probe  
  28  2:17  Gateway  
  28  2:20  Assimilator, Stalker  
  28  2:22  Probe, Warp Gate  
  31  2:34  Probe  
  32  2:43  Pylon  
  32  2:46  Probe  
  32  2:50  Adept  
  35  2:58  Probe  
  36  3:04  Stalker  
  38  3:06  Probe  
  38  3:08  Robotics Facility  
  38  3:14  Probe  
  39  3:20  Adept  
  39  3:24  Probe  
  42  3:34  Adept  
  42  3:36  Probe  
  45  3:48  Probe  
  46  4:00  Probe  
  47  4:05  Pylon  
  47  4:17  Gateway  
  47  4:19  Probe  
  47  4:23  Adept x2  
  52  4:25  Robotics Bay  
  52  4:29  Probe  
  53  4:40  Robotics Facility  
  53  4:41  Probe  
  50  4:53  Probe  
  50  4:58  Adept  
  49  5:00  Adept  
  49  5:06  Probe  
  50  5:11  Adept  
  50  5:12  Gateway  
  52  5:18  Probe  
  53  5:30  Probe, Pylon  
  54  5:41  Pylon  
  54  5:42  Probe  
  55  5:47  Stalker x2  
  55  5:48  Sentry, Twilight Council  
  61  5:54  Probe  
  62  6:00  Pylon  
  62  6:06  Zealot  
  64  6:18  Zealot  
  64  6:20  Zealot  
  64  6:23  Nexus  
  62  6:34  Templar Archives  
  49  7:10  High Templar x2  
  49  7:12  Stalker  
  46  7:24  High Templar  
  44  7:55  High Templar  
  36  8:34  Zealot  
  30  8:48  Zealot  
  30  8:52  Zealot  
  32  9:00  Zealot  
  32  9:02  Assimilator  
  31  9:09  Zealot  
  24  9:17  Zealot  
  26  9:25  Zealot  
  26  9:29  Probe  
Show
View Real Time Build Order
Export as new Build Order

Drift Terran - Winner!

Build Orders:  

Get SALT Encoding   

  12  0:00  SCV  
  13  0:12  SCV  
  14  0:17  Supply Depot  
  14  0:24  SCV  
  15  0:38  SCV  
  15  0:41  Barracks  
  16  0:45  Refinery  
  16  0:50  SCV  
  17  1:03  SCV  
  18  1:15  SCV  
  19  1:28  Marine, Orbital Command  
  20  1:45  Command Center  
  20  1:54  Supply Depot  
  20  2:03  Factory  
  20  2:08  SCV  
  20  2:11  Barracks Reactor  
  21  2:20  SCV  
  22  2:31  Refinery  
  22  2:33  SCV  
  23  2:44  Bunker  
  23  2:45  SCV  
  23  2:47  Marine x2  
  26  2:52  Hellion  
  26  2:57  Starport  
  28  2:59  SCV  
  29  3:11  SCV, Orbital Command  
  30  3:13  Marine x2  
  30  3:15  Hellion  
  34  3:23  SCV  
  35  3:31  Marine x2  
  37  3:34  Medivac  
  37  3:35  SCV  
  37  3:37  Hellion  
  37  3:40  Supply Depot  
  42  3:47  Supply Depot  
  42  3:48  SCV x2  
  42  3:54  Marine x2  
  46  4:14  SCV x2  
  46  4:16  Marine x2  
  50  4:17  Factory Tech Lab  
  50  4:18  Starport Tech Lab  
  50  4:22  Barracks  
  50  4:26  SCV x2, Barracks  
  52  4:34  Marine  
  52  4:38  SCV x2  
  53  4:42  Marine  
  53  4:43  Supply Depot  
  54  4:49  Liberator  
  54  4:50  SCV x2  
  56  5:02  SCV x2  
  51  5:11  Command Center  
  46  5:14  SCV  
  47  5:21  SCV  
  47  5:24  Factory Tech Lab  
  47  5:26  SCV  
  47  5:34  SCV  
  48  5:39  Starport Reactor  
  47  5:44  SCV  
  47  5:46  SCV, Refinery  
  47  5:47  Refinery  
  47  5:48  Engineering Bay  
  49  5:51  Engineering Bay  
  49  5:54  Supply Depot  
  49  5:55  Marine x2  
  49  5:57  SCV, Marauder, Stimpack  
  54  5:58  SCV, Concussive Shells  
  54  6:00  Siege Tank  
  58  6:09  SCV  
  58  6:10  SCV  
  60  6:16  Marine x2, Marauder  
  60  6:17  Supply Depot  
  66  6:18  Marauder  
  66  6:21  SCV, Supply Depot  
  66  6:22  SCV, Supply Depot  
  66  6:23  Supply Depot  
  68  6:33  SCV  
  68  6:34  Marine x2, Siege Tank  
  68  6:35  SCV  
  68  6:38  Marauder  
  80  6:40  Marauder  
  80  6:41  Combat Shield  
  80  6:45  Command Center  
  79  6:52  SCV x2  
  81  6:58  Medivac  
  83  7:02  Medivac  
  83  7:04  SCV  
  83  7:06  Siege Tank  
  83  7:08  SCV  
  91  7:10  Orbital Command  
  91  7:15  Marauder  
  92  7:16  SCV  
  92  7:17  Marauder  
  92  7:20  SCV  
  96  7:25  Terran Infantry Weapons Level 1  
  96  7:26  Terran Infantry Armor Level 1  
  96  7:28  Medivac  
  98  7:32  Medivac  
  100  7:38  SCV x2, Siege Tank  
  100  7:39  Marine x2, Marauder x2  
  100  7:42  Supply Depot  
  100  7:43  Supply Depot  
  111  7:46  Supply Depot  
  111  7:48  Supply Depot  
  111  7:52  SCV  
  111  7:53  SCV  
  111  7:54  Supply Depot  
  111  7:55  Refinery  
  111  7:57  Refinery, Marine x2  
  115  7:59  Armory  
  115  8:06  Barracks x2  
  115  8:12  Supply Depot  
  115  8:21  Marauder  
  115  8:22  Marine x2, Marauder  
  115  8:23  Medivac x2  
  115  8:24  Siege Tank  
  125  8:39  Marine  
  125  8:40  Marine  
  126  8:43  Marauder x2  
  130  8:53  Medivac x2  
  134  8:57  Marine x2  
  136  9:04  Marauder x2  
  136  9:06  Siege Tank  
  136  9:09  Barracks Reactor x2  
  143  9:14  Command Center  
  143  9:15  Marine x2  
  145  9:26  Marauder x2  
  149  9:31  SCV x3  
  149  9:33  Marine x2  
Tags
 
League
Diamond
Matchup
PvT
Spawn Locations
Cross Positions
Add a new tag
Caveats
  • Supply blocks, unpowered buildings, or Contaminate may cause inaccurate times.
  • Supply counts are checked every 10 seconds.